 Dungeon Crawl Stone Soup version 0.28-a0-957-g42eb19b844 (webtiles) character file.

Game seed: 14894415217148352413

66 Redcow54321 the Conjurer (level 3, -6/14 HPs)
             Began as a Felid Conjurer on Nov 30, 2021.
             Killed from afar by Ijyb (18 damage)
             ... with an iceblast
             ... on level 4 of the Dungeon.
             The game lasted 00:10:54 (2180 turns).

Redcow54321 the Conjurer (Felid Conjurer)           Turns: 2180, Time: 00:10:54

Health: -6/14      AC:  1    Str:  3    XL:     3   Next: 96%
Magic:  6/8        EV: 17    Int: 21    God:
Gold:   42         SH:  0    Dex: 14    Spells: 7/8 levels left
                                        Lives:  0   Deaths: 1

rFire   . . .      SeeInvis +   (weapon unavailable)
rCold   . . .      Faith    .   (shield unavailable)
rNeg    . . .      Spirit   .   (armour unavailable)
rPois   +          Reflect  .   (helmet unavailable)
rElec   .          Harm     .   (cloak unavailable)
rCorr   .          Rampage  .   (gloves unavailable)
Will    .....                   (boots unavailable)
Stlth   ++........              (no amulet)
HPRegen 0.04/turn               b - ring of poison resistance
MPRegen 0.11/turn               (no ring)

@: quick
A: very small, claws 1, fangs 3, see invisible, speed 1, shaggy fur 1, stealthy
paws, no weapons or thrown items, no armour, multi-lived
a: no special abilities


You were on level 4 of the Dungeon.
You visited 1 branch of the dungeon, and saw 3 of its levels.

You collected 42 gold pieces.

Inventory:

Jewellery
 b - a ring of poison resistance (left paw)
Scrolls
 c - a scroll of teleportation {unknown}
Potions
 a - 2 potions of brilliance {unknown}
 d - a potion of resistance {unknown}


   Skills:
 - Level 2.6 Dodging
 - Level 2.6 Stealth
 - Level 0.2 Unarmed Combat
 + Level 3.2 Spellcasting
 + Level 5.0 Conjurations


You had 7 spell levels left.
You knew the following spells:

 Your Spells              Type           Power      Damage    Failure   Level
a - Magic Dart            Conj           96%        1d7       1%          1

Your spell library contained the following spells:

 Spells                   Type           Power      Damage    Failure   Level
 Searing Ray              Conj           48%        2d6       2%          2
 Dazzling Flash           Conj/Hex       28%        N/A       14%         3
 Fulminant Prism          Conj/Hex       7%         3d7       41%         4
 Iskenderun's Mystic Bla  Conj/Tloc      14%        2d5       41%         4


Dungeon Overview and Level Annotations

Branches:
Dungeon (2/15)

Altars:

Annotations:
D:4 Ijyb


Innate Abilities, Weirdness & Mutations

You have sharp claws.
You have razor-sharp teeth.
You have supernaturally acute eyesight. (SInv)
You cover ground quickly. (Speed+)
You are covered in fur. (AC +1)
Your paws help you pounce on unaware monsters.
You are incapable of wielding weapons or throwing items.
You cannot wear armour.
You gain extra lives every three experience levels.


Message History

The orc is heavily wounded.
Ijyb zaps a wand.
The mass of ice explodes!
The iceblast engulfs the orc!
The orc dies!
The iceblast engulfs you!!
Ouch! That really hurt!
You die...
You are now level 3!
You rejoin the land of the living...
Found a murky puce potion.
d - a murky puce potion
Casting: Magic Dart (safe; 1% risk of failure)
Confirm with . or Enter, or press ? or * to list all spells.
Aiming: Magic Dart (safe; 1% risk of failure)
Press: ? - help, Shift-Dir - straight line, f - Ijyb
Aim: Ijyb, wielding a +0 dagger, wearing a +0 leather armour and carrying a wand of iceblast (5) (wandering, hasn't noticed you, 100% to hit)
The magic dart hits Ijyb.
Ijyb is lightly wounded.
Ijyb shouts!
Ijyb screams, "I no like you!"
Casting: Magic Dart (safe; 1% risk of failure)
Confirm with . or Enter, or press ? or * to list all spells.
Aiming: Magic Dart (safe; 1% risk of failure)
Press: ? - help, Shift-Dir - straight line, f/p - Ijyb
Aim: Ijyb, wielding a +0 dagger, wearing a +0 leather armour and carrying a wand of iceblast (5) (lightly wounded, 100% to hit)
The magic dart hits Ijyb but does no damage.
Ijyb is lightly wounded.
Casting: Magic Dart (safe; 1% risk of failure)
Confirm with . or Enter, or press ? or * to list all spells.
Aiming: Magic Dart (safe; 1% risk of failure)
Press: ? - help, Shift-Dir - straight line, f/p - Ijyb
Aim: Ijyb, wielding a +0 dagger, wearing a +0 leather armour and carrying a wand of iceblast (5) (100% to hit)
The magic dart hits Ijyb.
Ijyb is lightly wounded.
You closely miss Ijyb.
Ijyb is lightly wounded.
Ijyb hits you with a +0 dagger.
Ijyb screams, "Get away!"
Ijyb zaps a wand.
The mass of ice explodes!
The iceblast engulfs you!!
Ouch! That really hurt!
You die...

#............... ###
###...### ##.###..........
....#.......### #.#
##...###.## #.............
#.# ##.## #.# #.##.......#
#.# ### #.# #.####...#.#
#.# #.# #.# #...# #)# #.#
#.# ##.##
#.##########.#####.#####.#
#.........†)g.@..........#
##########################


You could see Ijyb.

Vanquished Creatures
  An ogre (D:4)
  2 dart slugs
  A bat (D:1)
  5 endoplasms
  3 giant cockroaches
  4 hobgoblins (D:1)
  4 kobolds (D:1)
  3 quokkas
  7 ball pythons
  4 frilled lizards
  3 goblins
  3 rats
40 creatures vanquished.

Vanquished Creatures (others)
  An orc (D:4)
  2 fungi (D:1)
  2 plants (D:1)
5 creatures vanquished.

Grand Total: 45 creatures vanquished

Notes
Turn   | Place    | Note
-------+----------+-------------------------------------------
     0 | D:1      | Redcow54321 the Felid Conjurer began the quest for the Orb.
     0 | D:1      | Reached XP level 1. HP: 7/7 MP: 4/4
   189 | D:1      | Reached skill level 4 in Conjurations
   234 | D:1      | Reached XP level 2. HP: 11/11 MP: 1/6
   965 | D:1      | Reached XP level 3. HP: 14/14 MP: 3/7
  1003 | D:1      | Found a faded altar of an unknown god.
  1576 | D:2      | You fall into a shaft and drop 2 floors!
  1730 | D:4      | Noticed an ogre
  1758 | D:4      | Killed an ogre
  1759 | D:4      | Reached skill level 5 in Conjurations
  1759 | D:4      | Reached XP level 4. HP: 3/18 MP: 0/9
  2150 | D:4      | Noticed Ijyb
  2154 | D:4      | Killed from afar by Ijyb
  2155 | D:4      | Reached XP level 3. HP: -8/14 MP: 6/8
  2180 | D:4      | Killed from afar by Ijyb

Illustrated notes

Levels and vault maps discovered:
D:1:      erik_arrival_orb_chamber, layout_basic,
          shapermc_ecumenical_altar_mp_ritualfount, serial_park_tiny_pond,
          hangedman_decor_peaks_small, minmay_vboxes
D:2:      layout_basic, minmay_stone_trees_large, minmay_misc_feat_tower
D:4:      layout_loops_ring, minmay_temple_entry_nine_rooms, uniq_ijyb

Skill      XL: |  1  2  3 |
---------------+----------+-----
Conjurations   | 4 5 |  5.0
Spellcasting   | 3 |  3.2
Dodging        | |  2.6
Stealth        | |  2.6
Unarmed Combat | |  0.2

Action                   |  1- 3 |  4- 6 || total
-------------------------+-------+-------++-------
Melee: Unarmed           |    17 |       ||    17
       Bite              |     2 |       ||     2
 Cast: Magic Dart        |    72 |     9 ||    81
Dodge: Dodged            |    15 |       ||    15

Table legend: (Time is in decaauts)
 A = Elapsed time spent in this place.
 B = Non-inter-level travel time spent in this place.
 C = Inter-level travel time spent in this place.
 D = Time resting spent in this place.
 E = Time spent auto-exploring this place.
 F = Levels seen in this place.
 G = Mean time per level.
                   A        B        C        D        E       F      G
               +--------+--------+--------+--------+--------+-----+--------+
         Total |   1967 |   1935 |     32 |    539 |   1127 |   3 |  655.7 |
       Dungeon |   1967 |   1935 |     32 |    539 |   1127 |   3 |  655.7 |
               +--------+--------+--------+--------+--------+-----+--------+

Top non-repeatable levels by time:
     D:1: 1217 daAuts
     D:4: 562 daAuts
     D:2: 188 daAuts
